 Dungeon Crawl Stone Soup version 0.29.1-15-g9cfb28693d (webtiles) character file.

Game seed: 7031842044396319319

1027 Alturiack the Chopper (level 8, -13/71 HPs)
             Began as a Hill Orc Cinder Acolyte on Apr 12, 2023.
             Was an Initiate of Ignis.
             Mangled by an ogre
             ... wielding a +0 giant spiked club
              (25 damage)
             ... on level 5 of the Dungeon.
             The game lasted 00:21:01 (5336 turns).

Alturiack the Chopper (Hill Orc Cinder Acolyte)     Turns: 5336, Time: 00:21:02

Health: -13/71     AC: 11    Str: 17    XL:     8   Next: 23%
Magic:  9/9        EV:  2    Int: 16    God:    Ignis [......]
Gold:   312        SH:  8    Dex:  6    Spells: 7/9 levels left

rFire   + . .      SeeInvis .   a - -1 hand axe (flame)
rCold   . . .      Faith    .   k - +0 tower shield
rNeg    . . .      Spirit   .   r - +1 chain mail {rPois}
rPois   +          Reflect  .   o - +0 helmet
rElec   .          Harm     .   (no cloak)
rCorr   .          Rampage  .   (no gloves)
Will    .....                   (no boots)
Stlth   ..........              (no amulet)
HPRegen 0.21/turn               (no ring)
MPRegen 0.11/turn               (no ring)

@: no status effects
A: no striking features
a: Renounce Religion, Rising Flame


You were on level 5 of the Dungeon.
You worshipped Ignis.
Ignis was noncommittal.
You visited 2 branches of the dungeon, and saw 6 of its levels.

You collected 312 gold pieces.

Inventory:

Hand Weapons
 a - a -1 hand axe of flaming (weapon)
 j - a +2 vampiric short sword
 u - a +3 falchion of holy wrath
Armour
 k - a +0 tower shield (worn)
 o - a +0 helmet (worn)
 r - a +1 chain mail of poison resistance (worn)
Jewellery
 p - a ring of fire
Wands
 w - a wand of iceblast (9)
Scrolls
 e - a scroll of silence {unknown}
 g - 4 scrolls of identify {unknown}
 h - 4 scrolls of teleportation {unknown}
 i - 3 scrolls of noise {unknown}
 l - a scroll of torment {unknown}
 m - 2 scrolls of immolation {unknown}
 n - 2 scrolls of magic mapping {unknown}
 s - 2 scrolls of enchant weapon {unknown}
 t - a scroll of enchant armour {unknown}
 x - a scroll of poison {unknown}
 y - a scroll of summoning {unknown}
Potions
 b - a potion of might {unknown}
 c - 3 potions of lignification {unknown}
 d - a potion of mutation {unknown}
 f - 2 potions of brilliance {unknown}
 q - a potion of ambrosia {unknown}
 v - a potion of curing {unknown}
 z - a potion of heal wounds {unknown}


   Skills:
 + Level 6.7 Fighting
 + Level 7.3 Axes
 * Level 4.6 Armour
 - Level 1.0 Spellcasting
 + Level 6.1 Fire Magic


You had 7 spell levels left.
You knew the following spells:

 Your Spells              Type           Power      Damage    Failure   Level
a - Scorch                Fire           40%        2d7       100%        2

Your spell library contained the following spells:

 Spells                   Type           Power      Damage    Failure   Level
 Magic Dart               Conj           0%         1d3       100%        1
 Slow                     Hex            0%         N/A       100%        1
 Searing Ray              Conj           0%         2d4       100%        2
 Confusing Touch          Hex            0%         N/A       100%        3
 Vampiric Draining        Necr           0%         2d6       100%        3
 Fulminant Prism          Conj/Hex       0%         3d6       100%        4


Dungeon Overview and Level Annotations

Branches:
Dungeon (5/15)             Temple (1/1) D:5

Altars:
Ashenzari
Cheibriados
Dithmenos
Fedhas
Hepliaklqana
Kikubaaqudgha
Makhleb
Nemelex Xobeh
Okawaru
Sif Muna
Trog
Zin

Shops:
D:2 =


Message History

You kill the hound!
Found 13 gold pieces.
You see here a hound corpse.
You now have 312 gold pieces (gained 13).
You can't go down here!
There's nothing to open nearby.
Really renounce your faith, foregoing its fabulous benefits?
Okay, then.
Okay, then.
Unknown command.
HP restored.
You open the door.
There is an open door here.
z - a ruby potion
Found an escape hatch in the floor.
An ogre comes into view. It is wielding a +0 giant spiked club.
The ogre shouts!
Found 10 gold pieces and a scroll labelled YXYUNNOTTO.
You block the ogre's attack.
You see here a clear potion.
You completely miss the ogre. You block the ogre's attack.
You hit the ogre. You burn the ogre.
The ogre is moderately wounded.
The ogre hits you with a +0 giant spiked club!!
You slash the ogre! You burn the ogre.
The ogre is severely wounded.
The ogre hits you with a +0 giant spiked club!!
You hit the ogre. You burn the ogre.
The ogre is almost dead.
You hit the ogre. You burn the ogre.
The ogre is almost dead.
The ogre hits you with a +0 giant spiked club!
* * * LOW HITPOINT WARNING * * *
You barely miss the ogre.
The ogre is almost dead.
You block the ogre's attack.
You hit the ogre but do no damage.
The ogre is almost dead.
The ogre hits you with a +0 giant spiked club!!
You die...

$.?..# ### ..... ...
######.... ###
#........ .. #.......
.. #...:.. #### ....
#....O# #.#...#.+....
#....@# #.#.#.#.#....
#.....####...#.#.#....
#............#.#.#....
#.....................
#.....................
#.....................
####...........#......
######......#......
#......#......


You could see an ogre.

Vanquished Creatures
  Sigmund (D:2)
  Menkaure (D:4)
  A centaur (D:4)
  3 necrophages
  A scorpion (D:5)
  2 hounds (D:5)
  2 jellies
  2 iguanas (D:4)
  3 orc wizards (D:5)
  Terence (D:2)
  Robin (D:2)
  5 adders
  A shadow imp (D:5)
  2 worms (D:2)
  4 dart slugs
  4 orcs
  4 bats
  6 endoplasms
  A giant cockroach (D:2)
  14 goblins
  9 hobgoblins
  4 jackals (D:1)
  6 kobolds
  6 ball pythons
  7 frilled lizards
  7 rats
98 creatures vanquished.

Vanquished Creatures (others)
  19 foxfires
  2 fungi (D:1)
  6 plants (D:1)
27 creatures vanquished.

Grand Total: 125 creatures vanquished

Notes
Turn   | Place    | Note
-------+----------+-------------------------------------------
     0 | D:1      | Alturiack the Hill Orc Cinder Acolyte began the quest for
                  | the Orb.
     0 | D:1      | Reached XP level 1. HP: 19/19 MP: 2/2
    35 | D:1      | Reached XP level 2. HP: 11/27 MP: 3/3
   758 | D:1      | Found a faded altar of an unknown god.
  1162 | D:1      | Reached XP level 3. HP: 31/33 MP: 4/4
  1206 | D:1      | Learned a level 2 spell: Scorch
  1994 | D:2      | Noticed Sigmund
  2005 | D:2      | Killed Sigmund
  2006 | D:2      | Reached skill level 5 in Fighting
  2006 | D:2      | Reached skill level 5 in Axes
  2006 | D:2      | Reached XP level 4. HP: 33/42 MP: 5/5
  2006 | D:2      | Reached XP level 5. HP: 38/48 MP: 6/6
  2145 | D:2      | Noticed Robin
  2168 | D:2      | Reached XP level 6. HP: 42/56 MP: 7/7
  2176 | D:2      | Killed Robin
  2177 | D:2      | Reached skill level 5 in Fire Magic
  2379 | D:2      | Found Hawe's Jewellery Boutique.
  2383 | D:2      | Noticed Terence
  2392 | D:2      | Killed Terence
  2393 | D:2      | Reached skill level 6 in Axes
  3348 | D:4      | Noticed Menkaure
  3354 | D:4      | Killed Menkaure
  3355 | D:4      | Reached skill level 1 in Armour
  3530 | D:4      | Reached XP level 7. HP: 52/62 MP: 8/8
  4034 | D:4      | Found a shimmering blue altar of Sif Muna.
  4117 | D:5      | Entered Level 5 of the Dungeon
  4375 | D:5      | Reached skill level 7 in Axes
  4376 | D:5      | Reached XP level 8. HP: 34/71 MP: 9/9
  5026 | D:5      | Found a staircase to the Ecumenical Temple.
  5043 | Temple   | Entered the Ecumenical Temple
  5336 | D:5      | Mangled by an ogre

Illustrated notes

Levels and vault maps discovered:
D:1:      lightli_arrival_farm, layout_basic, shapermc_ecumenical_altar_ellora,
          grunt_decor_arrowhead
D:2:      layout_basic, serial_shops, nicolae_shop_behind_doors,
          minmay_pentomino_u2, uniq_terence, uniq_robin, uniq_sigmund
D:3:      layout_loops_ring
D:4:      layout_basic, amcnicky_altar_gilded, uniq_menkaure
D:5:      layout_basic, minmay_temple_entry_poolview,
          nicolae_kite_square_tiling_tiny
Temple:   nicolae_temple_ecumenical_triangle

Skill      XL: |  1  2  3  4  5  6  7  8 |
---------------+-------------------------+-----
Fighting       | 4 5 6 |  6.7
Axes           | 5 6 7 |  7.3
Fire Magic     | 4 5 6 |  6.1
Armour         | 2 4 |  4.6
Spellcasting   | |  1.0

Action                   |  1- 3 |  4- 6 |  7- 9 || total
-------------------------+-------+-------+-------++-------
Melee: Hand axe          |   122 |    75 |    91 ||   288
 Cast: Scorch            |     4 |       |       ||     4
Invok: Fiery Armour      |     2 |     6 |     2 ||    10
       Foxfire Swarm     |       |     1 |     1 ||     2
Armor: Robe              |    23 |       |       ||    23
       Chain mail        |    20 |    63 |    89 ||   172
Dodge: Dodged            |    63 |    17 |     8 ||    88
Block: Tower shield      |       |    19 |    60 ||    79
